 Dungeon Crawl Stone Soup version 0.21-a0-286-g6fcecc0 (webtiles) character file.

76 aurelian the Cudgeler (level 4, -2/37 HPs)
             Began as a Minotaur Wizard on Sept 25, 2017.
             Slain by Grinder (3 damage)
             ... on level 3 of the Dungeon.
             The game lasted 00:06:25 (3626 turns).

aurelian the Cudgeler (Minotaur Wizard)             Turns: 3626, Time: 00:06:26

Health: -2/37      AC:  2    Str: 12    XL:     4   Next: 12%
Magic:  3/6        EV: 17    Int: 15    God:
Gold:   159        SH:  0    Dex: 14    Spells: 6/7 levels left

rFire    . . .     SeeInvis .   j - +1 whip
rCold    . . .     Gourm    .   (no shield)
rNeg     . . .     Faith    .   a - +0 robe
rPois    .         Spirit   .   b - +0 hat
rElec    .         Reflect  .   (no cloak)
rCorr    .         Harm     .   (no gloves)
MR       .....                  (no boots)
Stlth    +++.......             (no amulet)
HPRegen  0.12/turn              (no ring)
MPRegen  0.10/turn              (no ring)

@: agile, very slightly contaminated
A: retaliatory headbutt, horns 2
a: no special abilities


You were on level 3 of the Dungeon.
You were not hungry.

You visited 1 branch of the dungeon, and saw 3 of its levels.

You collected 159 gold pieces.

Inventory:

Hand Weapons
 j - a +1 whip (weapon)
Missiles
 i - 49 arrows
 m - 69 stones (quivered)
Armour
 a - a +0 robe (worn)
 b - a +0 hat (worn)
 n - a +0 ring mail
Jewellery
 u - a cursed ring of loudness {unknown}
Wands
 w - a wand of digging (18/24)
Scrolls
 f - a scroll of fog {unknown}
 k - a scroll of magic mapping {unknown}
 p - a scroll of random uselessness {unknown}
 r - a scroll of enchant weapon
 s - a scroll of recharging {unknown}
 t - a scroll of identify {unknown}
 v - a scroll of teleportation {unknown}
Potions
 e - a potion of degeneration {unknown}
 g - a potion of magic {unknown}
 l - a potion of brilliance {unknown}
Books
 c - a book of Minor Magic

   Spells                             Type                      Level
   a - Magic Dart                     Conjuration                  1
   b - Blink                          Translocation                2
   c - Call Imp                       Summoning                    2
   d - Slow                           Hexes                        2
   e - Conjure Flame                  Conjuration/Fire             3
   f - Mephitic Cloud                 Conjuration/Poison/Air       3
Comestibles
 d - 3 bread rations
 o - 2 meat rations
 q - a royal jelly
 x - a chunk of flesh


   Skills:
 + Level 2.6 Fighting
 * Level 3.5 Maces & Flails
 - Level 2.1 Dodging
 - Level 1.5 Stealth
 - Level 2.1 Spellcasting
 - Level 0.6 Conjurations
   Level 0.6 Summonings
   Level 0.6 Translocations


You had 6 spell levels left.
You knew the following spells:

 Your Spells              Type           Power        Failure   Level  Hunger
a - Magic Dart            Conj           #...         17%         1    #......


Dungeon Overview and Level Annotations

Branches:
Dungeon (3/15)

Altars:
Elyvilon
Kikubaaqudgha
Ru
Vehumet
Yredelemnul
Zin

Annotations:
D:1 exclusion: downstairs
D:2 Sigmund
D:3 Grinder, Robin


Innate Abilities, Weirdness & Mutations

You reflexively headbutt those who attack you in melee.
You have a pair of horns on your head.


Message History

You miscast Magic Dart.
You are very lightly contaminated with residual magic.
Your skin tingles.
Casting: Magic Dart
Confirm with . or Enter, or press ? or * to list all spells.
Aiming: Magic Dart
Press: ? - help, Shift-Dir - straight line, f/p - Grinder
Aim: Grinder (lightly wounded)
You miscast Magic Dart.
Wisps of smoke drift from your hands.
Casting: Magic Dart
Confirm with . or Enter, or press ? or * to list all spells.
Aiming: Magic Dart
Press: ? - help, Shift-Dir - straight line, f/p - Grinder
Aim: Grinder (lightly wounded)
The magic dart hits Grinder.
Grinder is lightly wounded.
Grinder hits you.
* * * LOW HITPOINT WARNING * * *
You writhe in agony.
You die...

#.g....#.#..........#
######.#.#####......#
#g#.# #......# #.#.#
#......# #g#.#
#......# ######g#.#
#......# #....#)#.#
#......#
#.##.#.#.######'#####
###.##.......5@...#
#........#.#####..#
######.###.#......#
### #g#.###.##
#.#.###.# #.#.....#
#.####################
#....g.g...g..........
######################


You could see Grinder.

Vanquished Creatures
  Natasha (D:3)
  An adder (D:2)
  A dart slug (D:3)
  A leopard gecko (D:3)
  4 bats (D:1)
  12 goblins
  5 hobgoblins
  2 quokkas
  3 frilled lizards
  A kobold (D:1)
  8 rats
39 creatures vanquished.

Notes
Turn   | Place    | Note
-------+----------+-------------------------------------------
     0 | D:1      | aurelian the Minotaur Wizard began the quest for the Orb.
     0 | D:1      | Reached XP level 1. HP: 14/14 MP: 2/2
   129 | D:1      | Reached skill level 1 in Fighting
   590 | D:1      | Reached skill level 1 in Maces & Flails
   639 | D:1      | Reached XP level 2. HP: 14/23 MP: 0/4
  1253 | D:2      | Noticed Sigmund
  1559 | D:2      | Found a sacrificial altar of Ru.
  1613 | D:2      | Found a glowing silver altar of Zin.
  1613 | D:2      | Found a white marble altar of Elyvilon.
  1613 | D:2      | Found a basalt altar of Yredelemnul.
  1662 | D:2      | Found an ancient bone altar of Kikubaaqudgha.
  1662 | D:2      | Found a sacrificial altar of Ru.
  1672 | D:2      | Found a radiant altar of Vehumet.
  1856 | D:2      | Reached skill level 2 in Maces & Flails
  2198 | D:2      | Reached XP level 3. HP: 29/29 MP: 0/5
  2807 | D:3      | Noticed Natasha
  2819 | D:3      | Killed Natasha
  2819 | D:3      | Reached skill level 3 in Maces & Flails
  3283 | D:3      | Noticed Grinder
  3283 | D:3      | Noticed Robin
  3367 | D:3      | Reached XP level 4. HP: 35/37 MP: 6/6
  3615 | D:3      | Paralysed by Grinder for 7 turns
  3626 | D:3      | HP: 1/37 [Grinder (2)]
  3626 | D:3      | Slain by Grinder

Vault maps used:
D:1:      eino_arrival_tree_alley
D:2:      minmay_overflow_temple_hex, nicolae_ru_awakened_eye, uniq_sigmund
D:3:      first_bread, minmay_misc_feat_room, tgw_kikubaaqudgha, uniq_natasha,
          uniq_grinder, uniq_robin

Skill      XL: |  1  2  3 |
---------------+----------+-----
Fighting       | 1 2 |  2.6
Maces & Flails | 1 2 3 |  3.5
Dodging        | |  2.1
Stealth        | |  1.5
Spellcasting   | |  2.1
Conjurations   | |  0.6
Summonings     | |  0.6
Translocations | |  0.6

Action                   |  1- 3 |  4- 6 || total
-------------------------+-------+-------++-------
Melee: Whip              |    35 |     6 ||    41
       Unarmed           |     3 |       ||     3
       Headbutt          |     3 |       ||     3
 Cast: Magic Dart        |    63 |    11 ||    74
  Use: Potion            |     1 |     1 ||     2
       Scroll            |     1 |       ||     1
  Eat: Chunk             |     8 |     2 ||    10
Armor: Robe              |     3 |     3 ||     6
Dodge: Dodged            |    29 |    16 ||    45

Table legend:
 A = Spawn XP
 B = Non-spawn XP
 C = Spawn XP percentage of total XP
 D = Spawn monster count
 E = Non-spawn monster count
 F = Spawn count percentage of total count
 G = Total turns spent on level
                    A         B        C        D         E        F      G
               +---------+---------+-------+---------+---------+-------+---------
         Total |       0 |     109 |   0.0 |       0 |      39 |   0.0 |  3626
               +---------+---------+-------+---------+---------+-------+---------
           D:1 |       0 |      23 |   0.0 |       0 |      16 |   0.0 |  1847
           D:2 |       0 |      26 |   0.0 |       0 |      10 |   0.0 |  1047
           D:3 |       0 |      60 |   0.0 |       0 |      13 |   0.0 |   732
               +---------+---------+-------+---------+---------+-------+---------
